 Dungeon Crawl Stone Soup version 0.20-a0-548-g4f8a798 (webtiles) character file.

2132 ololoev the Magician (level 9, -8/57 HPs)
             Began as a Mummy Fire Elementalist on Feb 1, 2017.
             Mangled by Joseph
             ... wielding a +0 quarterstaff
              (18 damage)
             ... on level 7 of the Dungeon.
             The game lasted 00:22:03 (8016 turns).

ololoev the Magician (Mummy Fire Elementalist)      Turns: 8016, Time: 00:22:04

Health: -8/57      AC:  4    Str: 11    XL:     9   Next: 9%
Magic:  16/20      EV: 12    Int: 18    God:
Gold:   294        SH:  2    Dex: 15    Spells: 6/23 levels left

rFire    x . .     SeeInvis .   a - +2 trident (freeze)
rCold    + + .     Gourm    .   i - +0 robe
rNeg     + + +     Faith    .   (no shield)
rPois    ∞         Spirit   .   (no helmet)
rElec    .         Reflect  +   (no cloak)
rCorr    .         Harm     .   g - +0 pair of gloves
MR       +....                  p - +0 pair of boots
Stlth    ++........             h - +2 amulet of reflection
Regen    0.2/turn               n - ring of protection from cold
                                c - +3 ring of dexterity

@: no status effects
A: no food or potions, fire vulnerability, cold resistance 1, negative energy
resistance 3, torment resistance, unbreathing
a: no special abilities


Innate Abilities, Weirdness & Mutations

You do not eat or drink.
Your flesh is vulnerable to fire.
You are immune to poison.
Your flesh is cold resistant. (rC+)
You are immune to negative energy. (rN+++)
You are immune to unholy pain and torment.
You can survive without breathing.

Inventory:

Hand Weapons
 a - a +2 trident of freezing (weapon)
Missiles
 d - a throwing net (quivered)
Armour
 g - a +0 pair of gloves (worn)
 i - a +0 robe (worn)
 p - a +0 pair of boots (worn)
 s - a cursed +0 buckler
Jewellery
 c - a +3 ring of dexterity (left hand)
 h - a +2 amulet of reflection (around neck)
 n - a ring of protection from cold (right hand)
Wands
 r - a wand of confusion (27/48)
Scrolls
 e - a scroll of magic mapping {unknown}
 f - a scroll of fear {unknown}
 j - 3 scrolls of teleportation {unknown}
 k - 3 scrolls of remove curse
 l - 2 scrolls of amnesia
 m - 2 scrolls of recharging
 o - a scroll of immolation {unknown}
 q - 3 scrolls of enchant armour {unknown}


   Skills:
 - Level 1.5 Dodging
 - Level 1.5 Stealth
 + Level 7.8 Spellcasting
 * Level 7.1 Conjurations
 + Level 5.4 Fire Magic


You had 6 spell levels left.
You knew the following spells:

 Your Spells              Type           Power        Failure   Level  Hunger
a - Flame Tongue          Conj/Fire      ####.        1%          1    N/A
b - Conjure Flame         Conj/Fire      ####....     2%          3    N/A
c - Sticky Flame          Conj/Fire      ####....     10%         4    N/A
d - Fireball              Conj/Fire      ####......   24%         5    N/A
e - Inner Flame           Hex/Fire       ###.....     12%         3    N/A
p - Apportation           Tloc           #.....       12%         1    N/A


You were on level 7 of the Dungeon.
You were not hungry.

You visited 1 branch of the dungeon, and saw 7 of its levels.

You collected 294 gold pieces.

..[..... .o ........ #o.
.# ........ .. #.#
........ .. ##..
#....... #####. #..
#.....## ......# #.#
####.....#
..##..o###.####....###..
#.....@@(S......#######.
#####...(...............
######...###...#....
#..## ###...... #.##
####### ###

Notes
Turn   | Place    | Note
-------+----------+-------------------------------------------
     0 | D:1      | ololoev the Mummy Fire Elementalist began the quest for the Orb.
     0 | D:1      | Reached XP level 1. HP: 13/13 MP: 4/4
   254 | D:1      | Reached skill level 1 in Conjurations
   414 | D:1      | Reached XP level 2. HP: 19/19 MP: 2/5
   965 | D:1      | Reached XP level 3. HP: 24/24 MP: 3/7
   970 | D:1      | Learned a level 3 spell: Conjure Flame
  1835 | D:2      | Reached XP level 4. HP: 30/30 MP: 6/8
  1845 | D:2      | Learned a level 4 spell: Sticky Flame
  2778 | D:3      | Noticed a phantom
  3039 | D:3      | Killed a phantom
  3039 | D:3      | Reached XP level 5. HP: 15/35 MP: 0/11
  3532 | D:3      | Learned a level 1 spell: Apportation
  3690 | D:3      | Reached XP level 6. HP: 41/41 MP: 9/12
  4111 | D:4      | Found a sacrificial altar of Ru.
  4394 | D:4      | Noticed Eustachio
  4406 | D:4      | Killed Eustachio
  4565 | D:4      | You fall through a shaft!
  4565 | D:5      | Entered Level 5 of the Dungeon
  4641 | D:5      | Noticed Duvessa
  4641 | D:5      | Noticed Dowan
  4655 | D:5      | Reached skill level 5 in Spellcasting
  4655 | D:5      | Reached XP level 7. HP: 46/46 MP: 4/14
  4662 | D:5      | Learned a level 5 spell: Fireball
  4998 | D:5      | Reached skill level 5 in Conjurations
  5135 | D:5      | Killed Duvessa
  5419 | D:4      | Reached XP level 8. HP: 52/52 MP: 7/17
  5484 | D:4      | Learned a level 3 spell: Inner Flame
  5762 | D:5      | Killed Dowan
  6028 | D:6      | Found Neemmaol's General Store.
  6073 | D:6      | Found a bloodstained altar of Trog.
  6823 | D:6      | Reached skill level 5 in Fire Magic
  7854 | D:7      | Noticed a hippogriff
  7865 | D:7      | Killed a hippogriff
  7865 | D:7      | Reached XP level 9. HP: 57/57 MP: 16/20
  8007 | D:7      | Noticed Joseph
  8016 | D:7      | Mangled by Joseph

Dungeon Overview and Level Annotations

Branches:
Dungeon (7/15)
 Temple: D:4-7

Altars:
Ru
Trog

Shops:
D:6 *

Annotations:
D:7 Joseph


Message History

Press: ? - help, Shift-Dir - straight line, f - jelly
Aim: a jelly The sticky flame hits the jelly.
The jelly is heavily wounded.
The jelly is covered in liquid flames!
The jelly burns!
The jelly hits you but does no damage.
You completely miss the jelly.
The jelly is severely wounded.
The jelly burns!
You kill the jelly!
You start resting.
HP restored.
You start resting.
Magic restored.
Okay, then.
Okay, then.
Drop what? 19/52 slots (_ for help) (? for menu, Esc to quit)
You drop a book of Flames.
You see here a hound corpse.
Found a ring mail.
Found a stone staircase leading up.
You now have 273 gold pieces (gained 4).
There is a stone staircase leading up here.
You now have 294 gold pieces (gained 21).
An adder comes into view.
Joseph, a Mercenary comes into view.
He is wielding a quarterstaff.
Joseph shouts!
The adder hisses angrily.
Joseph unwields an uncursed quarterstaff.
Joseph wields a hunting sling.
Joseph shoots a sling bullet.
The sling bullet barely misses you.
You see here a sling bullet.
The adder bites you but does no damage.
Evoke which item? (* to show all) (? for menu, Esc to quit)
Aiming: Confuse
Press: ? - help, Shift-Dir - straight line, f - Joseph
Aim: Joseph, wielding a hunting sling and wearing a ring mail (chance to defeat MR: 28%)
The adder appears confused.
This wand has 30 charges left.
You block the adder's attack.
Evoke which item? (* to show all) (? for menu, Esc to quit)
Okay, then.
Evoke which item? (* to show all) (? for menu, Esc to quit)
Okay, then.
Joseph shoots a sling bullet.
The sling bullet hits you!
Joseph unwields an uncursed hunting sling.
Joseph wields an uncursed quarterstaff.
Joseph hits you with an uncursed quarterstaff!!
An orc comes into view. It is wielding a hand axe.
The orc shouts!
Casting: Sticky Flame
Confirm with . or Enter, or press ? or * to list all spells.
Aiming: Sticky Flame
Press: ? - help, Shift-Dir - straight line, f/p - Joseph
Aim: Joseph, wielding a quarterstaff and wearing a ring mail The sticky flame hits Joseph.
Joseph is lightly wounded.
Joseph is covered in liquid flames!
You hear a shout! x2
Joseph burns!
Joseph hits you with an uncursed quarterstaff!!
Okay, then.
Evoke which item? (* to show all) (? for menu, Esc to quit)
Aiming: Confuse
Press: ? - help, Shift-Dir - straight line, f/p - Joseph
Aim: Joseph, wielding a quarterstaff and wearing a ring mail (lightly wounded, covered in liquid flames, chance to defeat MR: 28%) Joseph easily resists.
This wand has 29 charges left.
Joseph burns!
Joseph barely misses you.
Evoke which item? (* to show all) (? for menu, Esc to quit)
Aiming: Confuse
Press: ? - help, Shift-Dir - straight line, f/p - Joseph
Aim: Joseph, wielding a quarterstaff and wearing a ring mail (lightly wounded, covered in liquid flames, chance to defeat MR: 28%) Joseph easily resists.
This wand has 28 charges left.
Joseph burns!
The orc hits you but does no damage. 2 orcs come into view.
Evoke which item? (* to show all) (? for menu, Esc to quit)
Aiming: Confuse
Press: ? - help, Shift-Dir - straight line, f/p - Joseph
Aim: Joseph, wielding a quarterstaff and wearing a ring mail (moderately wounded, covered in liquid flames, chance to defeat MR: 28%) Joseph easily resists.
This wand has 27 charges left.
Joseph burns!
Joseph hits you with an uncursed quarterstaff!!
You die...

You could see Joseph (burning), an adder (confused) and 3 orcs.

Vanquished Creatures
  A hippogriff (D:7)
  Eustachio (D:4)
  Duvessa (D:5)
  A water moccasin (D:6)
  An orc warrior (D:6)
  A sky beast (D:6)
  An ice beast (D:5)
  A phantom (D:3)
  2 ogres
  3 bullfrogs
  A water moccasin zombie (D:5)
  Dowan (D:5)
  A crimson imp (D:6)
  2 orc priests
  5 hounds
  3 jellies
  2 orc wizards
  A bullfrog skeleton (D:7)
  2 iguanas
  A worker ant (D:5)
  A hound zombie (D:7)
  A gnoll (D:2)
  10 adders
  A shadow imp (D:7)
  An ooze (D:3)
  An adder skeleton (D:7)
  6 worms
  5 dart slugs
  4 leopard geckos
  12 orcs
  2 ball pythons
  7 bats
  4 giant cockroaches
  13 goblins
  15 hobgoblins
  8 jackals
  9 kobolds
  2 frilled lizards
  A leopard gecko skeleton (D:5)
  A quokka zombie (D:5)
  5 rats
141 creatures vanquished.

Action                   |  1- 3 |  4- 6 |  7- 9 || total
-------------------------+-------+-------+-------++-------
Melee: Dagger            |    14 |       |       ||    14
       Spear             |       |    11 |   156 ||   167
       Trident           |       |       |    36 ||    36
 Cast: Flame Tongue      |    82 |   137 |    71 ||   290
       Sticky Flame      |       |     2 |    20 ||    22
       Conjure Flame     |       |     2 |     6 ||     8
       Inner Flame       |       |       |     2 ||     2
Evoke: Wand              |       |       |     4 ||     4
  Use: Scroll            |       |     7 |     1 ||     8
 Stab: Sleeping          |       |       |     2 ||     2
Armor: Robe              |     6 |    10 |    51 ||    67
Dodge: Dodged            |    36 |    32 |   100 ||   168
Block: Other             |     1 |     1 |    11 ||    13
       Reflection        |       |       |     1 ||     1

Vault maps used:
D:1:      minmay_arrival_jagged
D:2:      serial_glass, glass_columns_a, glass_columns_b
D:3:      first_bread
D:4:      minivault_26, nicolae_ru_awakened_eye, uniq_eustachio
D:5:      uniq_duvessa
D:6:      serial_shops, nicolae_shop_trees, trog_hazing_becter
D:7:      minmay_temple_entry_mist, uniq_joseph
